 Dungeon Crawl Stone Soup version 0.20.1-1-g8b1a95d (console) character file.

666786 hilaritas the Conqueror (level 27, -10/191 HPs)
             Began as a Minotaur Fighter on Feb 21, 2018.
             Was the Champion of the Shining One.
             Killed from afar by a wretched star (26 damage)
             ... with an orb of energy
             ... on level 5 of the Abyss on Feb 22, 2018.
             The game lasted 03:35:52 (58751 turns).

hilaritas the Conqueror (Minotaur Fighter)         Turns: 58751, Time: 03:35:52

Health: -10/191    AC: 38    Str: 37    XL:     27
Magic:  23/23      EV: 14    Int:  6    God:    the Shining One [******]
Gold:   4122       SH: 44    Dex:  9    Spells: 10/30 levels left

rFire    + . .     SeeInvis .   t - +9 eudemon blade (holy)
rCold    . . .     Gourm    +   c - +0 large shield {AC+3}
rNeg     + + +     Faith    .   X - +0 crystal plate armour
rPois    +         Spirit   .   G - +2 hat
rElec    .         Reflect  .   H - +0 cloak "Reofivie" {Str+2 Int+4} (curse)
rCorr    .         Harm     .   n - +2 pair of gloves {archery}
MR       ++++.     Rnd*Tele +   o - +0 pair of boots
Stlth    ..........             E - amulet of Evvarel {Gourm rPois Dex+3 Slay+4}
Regen    0.0/turn               b - ring of protection from magic
MPRegen  0.2/turn               a - ring of protection from fire

@: divine shield, berserk cooldown, slowed, glowing, very slow
A: retaliatory headbutt, horns 2, large bone plates 1, [clumsy 2], deformed
body, dopey 1[+1], [frail 3], [low mp 3], magic resistance 1, [screaming 2],
shaggy fur 1, [inhibited regeneration], strong 1, [teleportitis 2], no potion
heal 1
}: 3/15 runes: decaying, silver, gossamer
a: Divine Shield, Cleansing Flame, Summon Divine Warrior, Renounce Religion


You were on level 5 of the Abyss.
You worshipped the Shining One.
The Shining One was exalted by your worship.
You were not hungry.

You visited 9 branches of the dungeon, and saw 44 of its levels.
You visited the Abyss 1 time.
You visited 1 ziggurat, and saw 7 of its levels.

You collected 7345 gold pieces.
You spent 3223 gold pieces at shops.

Inventory:

Hand Weapons
 t - a +9 eudemon blade of holy wrath (weapon)
 y - a +1 scimitar of flaming
Missiles
 d - 65 tomahawks (quivered)
Armour
 c - a +0 large shield of protection (worn)
 n - a +2 pair of gloves of archery (worn)
 o - a +0 pair of boots (worn)
 G - a +2 hat (worn)
 H - the cursed +0 cloak "Reofivie" (worn) {Str+2 Int+4}
   (You found it on level 2 of the Vaults)

   It affects your strength (+2).
   It affects your intelligence (+4).
   It has a curse placed upon it.
 X - a +0 crystal plate armour (worn)
Jewellery
 a - a ring of protection from fire (right hand)
 b - a ring of protection from magic (left hand)
 m - the ring "Bufuq" {Fire +Fly rElec Int+3 Stlth+}
   (You found it on level 3 of the Elven Halls)

   [ring of fire]

   It enhances your fire magic.
   It affects your intelligence (+3).
   It protects you from fire.
   It makes you vulnerable to cold.
   It insulates you from electricity.
   It lets you fly.
   It makes you more stealthy.
 r - an uncursed amulet of faith
 v - an uncursed ring of protection from magic
 w - an uncursed ring of resist corrosion
 E - the amulet of Evvarel (around neck) {Gourm rPois Dex+3 Slay+4}
   (You found it on level 3 of the Elven Halls)

   [amulet of the gourmand]

   It allows you to eat raw meat even when not hungry.
   It affects your dexterity (+3).
   It affects your accuracy and damage with ranged weapons and melee attacks
   (+4).
   It protects you from poison.
 O - the ring "Povutoe" {rPois rC+ Dex+3}
   (You bought it in a shop on level 2 of the Elven Halls)

   [ring of poison resistance]

   It affects your dexterity (+3).
   It protects you from cold.
   It protects you from poison.
 Q - a +6 ring of strength
Wands
 s - a wand of digging (10/24)
 F - a wand of acid (7/15)
 I - a wand of lightning (5/15)
 K - a wand of disintegration (19/24)
Scrolls
 h - 7 scrolls of enchant weapon
 k - 6 scrolls of enchant armour
 l - a scroll of brand weapon
 p - 20 scrolls of teleportation
 A - 17 scrolls of remove curse
 D - 14 scrolls of recharging
 J - a scroll of silence
 M - 7 scrolls of magic mapping
 P - 6 scrolls of fog
 R - 5 scrolls of fear
 S - 2 scrolls of holy word
 V - 3 scrolls of summoning
 Y - 3 scrolls of blinking
 Z - 3 scrolls of identify
Potions
 e - 14 potions of curing
 i - 5 potions of agility
 q - 3 potions of haste
 u - 2 potions of might
 x - 8 potions of brilliance
 C - 5 potions of cancellation
 L - 3 potions of magic
 N - a potion of berserk rage
 T - 7 potions of flight
 U - 9 potions of mutation
Miscellaneous
 B - 5 sacks of spiders
 W - 2 boxes of beasts
Comestibles
 f - 21 bread rations
 g - 14 meat rations
 j - 18 royal jellies


   Skills:
 O Level 27 Fighting
 - Level 14.0 Long Blades
 O Level 27 Armour
 - Level 13.4 Dodging
 * Level 23.6 Shields
 - Level 2.1 Spellcasting
 - Level 5.1 Summonings
 - Level 3.6 Translocations
 - Level 15.9 Invocations


You had 10 spell levels left.
You knew the following spells:

 Your Spells              Type           Power        Failure   Level  Hunger
a - Apportation           Tloc           #.....       38%         1    ##.....
b - Summon Small Mammal   Summ           #...         22%         1    ##.....
c - Shroud of Golubria    Chrm/Tloc      #.........   80%         2    ###....
d - Summon Ice Beast      Ice/Summ       #.......     100%        4    #####..
e - Call Canine Familiar  Summ           #.......     56%         3    ####...
f - Summon Guardian Gole  Hex/Summ       #.......     89%         3    ####...
g - Summon Lightning Spi  Summ/Air       #.......     100%        4    #####..
h - Swiftness             Chrm/Air       #.......     96%         2    ###....


Dungeon Overview and Level Annotations

Branches:
Dungeon (15/15)            Temple (1/1) D:5            Lair (6/6) D:8
  Swamp (4/4) Lair:2       Spider (4/4) Lair:3        Slime (0/5) Lair:5
    Orc (2/2) D:11            Elf (3/3) Orc:2        Vaults (5/5) D:14
  Crypt (0/3) Vaults:2     Depths (4/5) D:15

Altars:
Ashenzari
Cheibriados
Dithmenos
Elyvilon
Fedhas
Gozag
Hepliaklqana
Kikubaaqudgha
Makhleb
Nemelex Xobeh
Okawaru
Qazlal
Ru
Sif Muna
Trog
Uskayaw
Vehumet
Xom
Yredelemnul
Zin
The Shining One
Beogh

Shops:
D:8 *   D:9 (   D:10 *}   D:12 (   Orc:1 :   Orc:2 ?}[}   Elf:2 ==}}
Vaults:1 (   Vaults:2 ?   Depths:1 (   Depths:3 ?(

Portals:
Hell: Depths:1 Depths:2 Depths:3 Depths:4
Abyss: Depths:3 Depths:4
Pandemonium: Depths:3
Trove: Elf:2 (give 5 scrolls of blinking)


Innate Abilities, Weirdness & Mutations

You reflexively headbutt those who attack you in melee.
You have a pair of horns on your head.
You are partially covered in large bone plates. (SH +4)
Armour fits poorly on your strangely shaped body.
You are resistant to hostile enchantments. (MR+)
You are covered in fur. (AC +1)
Your muscles are strong. (Str +2)
Potions are less effective at restoring your health.
[You are very clumsy. (Dex -4)]
[You are very dopey. (Int -4)]
[You are extremely frail. (-30% HP)]
[Your magical capacity is extremely low. (-30% MP)]
[You sometimes yell uncontrollably at your foes.]
[You do not regenerate when monsters are visible.]
[You are sometimes teleported next to monsters.]


Message History

Evoke which item? (* to show all) (? for menu, Esc to quit)
Aiming: Disintegrate
Press: ? - help, Shift-Dir - straight line Nothing appears to happen.
This wand has 19 charges left.
Your daeva hits the wretched star with a scimitar of holy wrath!
Your daeva hits the wretched star with a scimitar of holy wrath.
The wretched star pulses with an eldritch light!
You feel frail.
You feel the urge to shout.
You feel a strong urge to yell.
Your daeva twists and deforms.
The wretched star pulses with an eldritch light!
Your regeneration stops near monsters.
You feel clumsy. x2
Your daeva twists and deforms.
Your daeva calls down the wrath of the Shining One upon the wretched star.
The wretched star is smitten.
Unknown command.
You slice the wretched star!!
The wretched star is almost destroyed.
The wretched star glows turbulently.
The orb of energy hits you!
You die...

. .... #.#... .
#... .##. ..
####'######..[..
..
#.)...#......... .
#)....#.........
#.
#.....#......... #
#...#.#........ #
# #.....A........
#.....#####*..#.#.
#....##.*X #@## #
##...##..*xX### #
#...#..y#x.φ . .
#...##..... # ..
..# #'...# .#....
## ## .#. .§. #
..# # §


You could see a wretched star and a friendly daeva.

Vanquished Creatures
  An ancient lich (Abyss:5)
  Mara (Vaults:5)
  The ghost of damerell the Devastator, a veteran DEFE of Uskayaw (Vaults:4)
  A pandemonium lord (Zig:6)
  Bai Suzhen (Vaults:4)
  Saint Roka (Vaults:1)
  Xtahua (Vaults:5)
  A profane servitor (Abyss:4)
  2 golden dragons (Vaults:5)
  3 bone dragons
  Jorgrun (Depths:1)
  A Hell Sentinel (Zig:6)
  3 deep elf blademasters
  7 tentacled monstrosities
  3 liches
  The ghost of damerell the Eclecticist, an adept DEFE of Uskayaw (Spider:4)
  5 titans
  An Executioner (Zig:6)
  4 deep elf master archers (Elf:3)
  An ancient champion (Vaults:2)
  A sphinx (shapeshifter) (Abyss:5)
  3 thorn hunters
  Kirke (Swamp:4)
  2 sphinxes
  Gastronok (D:9)
  17 tentacled starspawn
  3 shadow dragons (Vaults:5)
  2 revenants
  9 fire giants
  3 storm dragons (Vaults:5)
  A nagaraja (Abyss:5)
  5 tengu reavers
  Aizul (Vaults:1)
  3 orc warlords
  14 frost giants
  A balrug (Abyss:5)
  A draconian knight (Zig:7)
  An iron dragon (Vaults:5)
  4 emperor scorpions
  A ghost moth (Spider:4)
  10 deep elf sorcerers
  A draconian shifter (Zig:7)
  4 deep elf elementalists
  A cacodemon (Abyss:5)
  A draconian scorcher (Abyss:5)
  5 vault wardens
  2 draconian stormcallers
  An angel (Abyss:5)
  A draconian annihilator (Zig:4)
  3 spriggan defenders
  2 war gargoyles
  7 ironheart preservers
  19 very ugly things
  An ophan (Abyss:5)
  A black draconian (Zig:4)
  7 entropy weavers
  28 stone giants
  2 vampire knights
  3 red draconians (Zig:7)
  8 deep elf demonologists
  A lorocyproca (Abyss:5)
  A purple draconian (Abyss:4)
  2 white draconians (Zig:7)
  5 deep elf annihilators
  2 yellow draconians
  3 spark wasps (Spider:4)
  A crystal guardian (Vaults:4)
  8 deep elf death magi
  2 blizzard demons
  13 ettins
  Snorg (Orc:1)
  7 fire dragons
  A jiangshi (Vaults:2)
  6 deep elf high priests
  14 yaktaur captains
  2 peacekeepers (Vaults:3)
  6 great orbs of eyes
  10 rakshasas
  37 vault guards
  12 ice dragons
  A hydra (shapeshifter) (Depths:4)
  23 hydras
  A caustic shrike simulacrum (Depths:1)
  3 ghost crabs
  5 spriggan air magi
  48 two-headed ogres
  18 centaur warriors
  5 deep troll shamans
  26 dancing weapons
  6 death yaks (Lair:3)
  8 death scarabs (Spider:4)
  12 small abominations
  10 deep troll earth magi
  5 hell hogs
  3 orc high priests
  7 tengu warriors
  A vampire mage (Depths:4)
  5 alligators
  19 ogre magi
  Urug (D:10)
  15 thrashing horrors
  5 spriggan berserkers
  27 deep elf knights
  7 spriggans
  13 hell knights
  3 sun demons
  32 large abominations
  Sonja (Lair:3)
  4 sixfirhies
  5 skeletal warriors
  4 iron trolls
  The ghost of amentoraz the Archer, a novice CeHu of Okawaru (D:10)
  14 wretched stars
  A fire crab (shapeshifter) (Vaults:2)
  4 glowing orange brains
  2 spatial maelstroms
  2 shadow wraiths
  A quicksilver dragon simulacrum (Abyss:5)
  3 unseen horrors
  A golden dragon zombie (Depths:3)
  14 swamp dragons
  18 deep trolls
  3 spriggan druids (Swamp:4)
  A glowing orange brain (shapeshifter) (Depths:4)
  3 shambling mangroves
  A shadow demon (Abyss:4)
  3 flayed ghosts
  22 deep elf archers
  15 ironbrand convokers
  6 wizards
  A golden dragon skeleton (Depths:3)
  A phantasmal warrior (Vaults:5)
  A harpy (shapeshifter) (Vaults:3)
  11 orc knights
  A harpy (Vaults:2)
  91 deep elf magi
  3 spectral wolf spiders (Spider:4)
  15 orb spiders
  8 necromancers
  An obsidian statue (Vaults:3)
  A wolf spider zombie (Spider:4)
  23 ugly things
  32 wolf spiders
  2 frost giant zombies
  4 manticores
  2 oklob plants
  A faun (shapeshifter) (Vaults:4)
  A moth of wrath (shapeshifter) (Elf:1)
  8 cyclopes
  9 orc sorcerers
  A salamander (shapeshifter) (Vaults:2)
  A tengu skeleton (Depths:2)
  A guardian serpent (Abyss:5)
  4 worldbinders
  A black mamba (shapeshifter) (Vaults:3)
  3 centaur zombies
  An ice statue (Zig:2)
  A spriggan zombie (Depths:3)
  A torpor snail (Lair:4)
  3 moths of wrath
  3 apocalypse crabs (Abyss:5)
  A black mamba (Lair:5)
  12 vault sentinels
  A gargoyle (D:12)
  A yaktaur zombie (Vaults:1)
  2 eyes of devastation
  14 smoke demons
  32 spiny frogs
  An elf skeleton (Depths:2)
  3 hellions
  3 freezing wraiths
  7 komodo dragons
  A spark wasp simulacrum (Depths:1)
  2 efreet (Abyss:5)
  11 demonic crawlers
  2 rime drakes
  50 yaktaurs
  4 spectral redbacks (Spider:4)
  3 kobold demonologists
  4 hellwings (Abyss:4)
  2 tengu conjurers (Depths:4)
  7 ancient zymes
  11 trolls
  A yaktaur skeleton (Depths:1)
  8 tyrant leeches
  A merfolk (shapeshifter) (Vaults:1)
  A harpy zombie (Abyss:5)
  5 spectral jumping spiders (Spider:4)
  36 blink frogs
  5 tarantella zombies (Spider:4)
  30 jumping spiders
  2 saltlings (Vaults:3)
  5 spectral tarantellas (Spider:4)
  21 hornets
  12 slime creatures
  A hippogriff (shapeshifter) (Depths:3)
  3 jumping spider zombies (Spider:4)
  2 polar bears
  A slime creature (shapeshifter) (Depths:4)
  4 dream sheep (Lair:4)
  A dream sheep (shapeshifter) (Vaults:5)
  21 raiju (Abyss:5)
  A flying skull (Abyss:5)
  6 bog bodies
  11 hippogriffs
  A frost giant simulacrum (Depths:1)
  3 ynoxinuls (Abyss:5)
  A stone giant simulacrum (Vaults:1)
  63 starcursed masses (Abyss:5)
  A redback (shapeshifter) (Abyss:4)
  45 redbacks
  An ettin skeleton (Abyss:5)
  Sigmund (D:4)
  6 water elementals
  23 tarantellas
  9 air elementals
  4 wyverns
  2 wraiths
  3 shadows
  6 fire elementals
  A yak (shapeshifter) (Vaults:1)
  46 yaks
  A vampire (D:12)
  2 basilisks
  A hog (Swamp:4)
  5 golden eyes (Abyss:5)
  3 hogs (shapeshifter)
  33 vampire mosquitoes
  6 chaos spawn
  A yaktaur simulacrum (Vaults:1)
  9 neqoxecs
  3 spatial vortices
  2 spriggan simulacra (Depths:2)
  23 swamp worms
  A swamp worm (shapeshifter) (Vaults:4)
  17 wargs
  26 insubstantial wisps
  A tengu zombie (Depths:2)
  2 acid dragons
  7 hell hounds (Depths:2)
  4 porcupines
  21 water moccasins
  3 sky beasts
  4 spectral hornets (Spider:4)
  14 swamp drakes
  2 eyes of draining (shapeshifter)
  6 ice beasts
  2 hornet zombies
  A phantom (D:5)
  A black bear (D:11)
  A deep troll simulacrum (Depths:1)
  36 orc warriors
  7 eyes of draining
  14 wolves
  An ettin simulacrum (Depths:2)
  A wolf (shapeshifter) (Vaults:2)
  14 centaurs
  47 ogres
  17 crocodiles
  2 human skeletons (Vaults:1)
  An elf simulacrum (Depths:3)
  A big kobold (shapeshifter) (Vaults:5)
  27 bullfrogs
  5 big kobolds
  A glowing shapeshifter simulacrum (Depths:3)
  An earth elemental (Elf:1)
  A wyvern zombie (D:15)
  A hornet simulacrum (D:15)
  6 scorpions
  A water moccasin skeleton (D:9)
  6 killer bees (D:8)
  The ghost of hilaritas the Ducker, a weakling MfBe of Trog (D:3)
  A manticore simulacrum (Abyss:5)
  10 wights
  4 howler monkeys
  3 electric eels
  13 crimson imps
  A human simulacrum (Vaults:2)
  A quasit (D:11)
  2 gnoll shamans
  8 hounds
  49 orc wizards
  30 orc priests
  2 bullfrog skeletons
  5 centaur skeletons
  An iron imp (Abyss:4)
  4 jellies
  An iguana (D:14)
  5 hell rats (Lair:6)
  11 worker ants
  A hound zombie (D:7)
  2 hound skeletons (D:6)
  2 worker ant zombies
  11 gnolls
  11 adders
  5 shadow imps
  2 ufetubi
  2 oozes (D:3)
  2 adder skeletons
  An adder zombie (D:5)
  2 worms (D:2)
  2 dart slugs (D:3)
  7 leopard geckos
  154 orcs
  5 bats
  6 giant cockroaches
  3 goblins
  7 hobgoblins
  12 jackals
  4 quokkas
  5 frilled lizards
  12 kobolds
  A quokka skeleton (D:4)
  8 rats
  16 briar patches
  5 crawling corpses
  A lurking horror (Abyss:5)
  24 starspawn tentacles
2454 creatures vanquished.

Vanquished Creatures (collateral kills)
  A lich (Vaults:5)
  A tentacled starspawn (Abyss:5)
  A tengu reaver (Vaults:5)
  A frost giant (Vaults:5)
  A draconian scorcher (Abyss:5)
  2 stone giants (Vaults:5)
  2 vault guards (Vaults:5)
  A death knight (Vaults:5)
  A two-headed ogre (Vaults:5)
  A thrashing horror (Abyss:5)
  A deep elf knight (Vaults:5)
  A spatial maelstrom (Abyss:5)
  A deep troll (Vaults:5)
  A glowing orange brain (Abyss:5)
  A necromancer (Abyss:5)
  A large abomination (Abyss:5)
  2 raiju (Abyss:5)
  12 starcursed masses (Abyss:5)
32 creatures vanquished.

Vanquished Creatures (others)
  A thrashing horror (Abyss:5)
  An orb spider (Spider:4)
  An ugly thing (Abyss:5)
  A smoke demon (Abyss:5)
  An eye of devastation (Abyss:5)
  A shadow (Abyss:5)
  A spriggan (Swamp:4)
  2 humans (Swamp:4)
  A swamp worm (Swamp:4)
  An insubstantial wisp (Swamp:4)
  A swamp drake (Zig:5)
  An eye of draining (Abyss:5)
  An ogre (Vaults:4)
  2 orc wizards (Orc:2)
  3 orcs
  A quokka (D:15)
  2 bushes
  A demonic plant (Abyss:5)
  18 fungi
  3 lurking horrors (Abyss:5)
  70 plants
  45 starspawn tentacles
159 creatures vanquished.

Grand Total: 2645 creatures vanquished

Notes
Turn   | Place    | Note
-------+----------+-------------------------------------------
     0 | D:1      | hilaritas the Minotaur Fighter began the quest for the Orb.
     0 | D:1      | Reached XP level 1. HP: 19/19 MP: 0/0
   638 | D:1      | Reached XP level 2. HP: 27/27 MP: 1/1
   874 | D:2      | Reached XP level 3. HP: 33/33 MP: 2/2
  1535 | D:2      | Reached XP level 4. HP: 16/40 MP: 1/3
  1825 | D:3      | Noticed hilaritas's ghost (weakling MfBe)
  1844 | D:3      | Killed hilaritas's ghost
  1844 | D:3      | Reached skill level 5 in Long Blades
  1979 | D:3      | Reached XP level 5. HP: 47/47 MP: 4/4
  2704 | D:4      | Reached XP level 6. HP: 51/53 MP: 5/5
  3101 | D:4      | Noticed a water moccasin
  3110 | D:4      | Killed a water moccasin
  3110 | D:4      | Reached skill level 5 in Shields
  3385 | D:4      | Noticed Sigmund
  3411 | D:4      | Killed Sigmund
  3411 | D:4      | Reached skill level 5 in Fighting
  3411 | D:4      | Reached XP level 7. HP: 13/61 MP: 2/6
  4056 | D:5      | Entered Level 5 of the Dungeon
  4229 | D:5      | Reached XP level 8. HP: 47/69 MP: 4/7
  4335 | D:5      | Found a staircase to the Ecumenical Temple.
  4718 | D:5      | Reached skill level 10 in Long Blades
  5637 | D:6      | Got an encrusted long sword
  5759 | Temple   | Entered the Ecumenical Temple
  5888 | Temple   | Became a worshipper of the Shining One
  6020 | D:6      | Identified the +6 long sword "Minotaur's Foe" {slice, rElec rPois MR+ Dex+3 Stlth-} (You found it on level 6 of the Dungeon)
  6143 | D:6      | Reached skill level 1 in Invocations
  6433 | D:6      | Reached XP level 9. HP: 65/81 MP: 5/8
  6896 | D:7      | Reached * piety under the Shining One
  7052 | D:7      | Learned a level 1 spell: Apportation
  7054 | D:7      | Learned a level 1 spell: Summon Small Mammal
  7347 | D:8      | Noticed a deep elf mage
  7356 | D:8      | HP: 6/83 [deep elf mage/bolt of cold (18)]
  7358 | D:8      | Killed a deep elf mage
  7358 | D:8      | Reached skill level 10 in Fighting
  7977 | D:8      | Found Neosan's Needful Niceties.
  8084 | D:8      | Reached skill level 10 in Shields
  8084 | D:8      | Reached XP level 10. HP: 93/93 MP: 11/11
  8201 | D:8      | Noticed a two-headed ogre
  8210 | D:8      | Reached ** piety under the Shining One
  8210 | D:8      | Killed a two-headed ogre
  8233 | D:8      | Reached skill level 5 in Invocations
  8294 | D:8      | Found a staircase to the Lair.
  8750 | D:9      | Reached skill level 5 in Armour
  9147 | D:9      | Found Omexul's Antique Weapon Shop.
  9153 | D:9      | Noticed Gastronok
  9169 | D:9      | Killed Gastronok
  9169 | D:9      | Reached XP level 11. HP: 80/99 MP: 8/14
  9247 | D:9      | Bought a brightly glowing scimitar for 225 gold pieces
  9247 | D:9      | Identified the +5 scimitar of Regicide {drain, rPois Int+5 SInv} (You bought it in a shop on level 9 of the Dungeon)
  9546 | D:10     | Entered Level 10 of the Dungeon
  9546 | D:10     | Found Netytt's Changing Room.
  9561 | D:10     | Noticed amentoraz's ghost (novice CeHu)
  9577 | D:10     | Killed amentoraz's ghost
  9610 | D:10     | Noticed Urug
  9620 | D:10     | Killed Urug
 10184 | D:10     | Reached *** piety under the Shining One
 10219 | D:10     | Found Xorpha's Gadget Shop.
 10457 | D:11     | Found a staircase to the Orcish Mines.
 10569 | D:11     | Noticed an unseen horror
 10582 | D:11     | Killed an unseen horror
 11079 | D:11     | Noticed a cyan ugly thing
 11087 | D:11     | Killed a cyan ugly thing
 11771 | D:12     | Reached XP level 12. HP: 106/106 MP: 16/16
 11844 | D:12     | Reached skill level 15 in Shields
 11920 | D:12     | Reached **** piety under the Shining One
 12243 | D:12     | Found Vucvubli's Weapon Emporium.
 12313 | D:12     | Reached skill level 10 in Armour
 12432 | D:12     | Found a glowing golden altar of the Shining One.
 12617 | D:9      | Bought a glowing long sword for 162 gold pieces
 12654 | Lair:1   | Entered Level 1 of the Lair of Beasts
 12740 | Lair:1   | Reached skill level 1 in Dodging
 12918 | Lair:1   | Noticed a seven-headed hydra
 12938 | Lair:1   | Killed a seven-headed hydra
 13540 | Lair:2   | Found a staircase to the Swamp.
 13963 | Lair:2   | Noticed a six-headed hydra
 13980 | Lair:2   | Killed a six-headed hydra
 14035 | Lair:2   | Noticed an eight-headed hydra
 14040 | Lair:2   | Noticed a seven-headed hydra
 14054 | Lair:2   | Killed an eight-headed hydra
 14061 | Lair:2   | Killed a seven-headed hydra
 14061 | Lair:2   | Reached skill level 10 in Invocations
 14457 | Lair:3   | Noticed a death yak
 14457 | Lair:3   | Noticed a death yak
 14457 | Lair:3   | Noticed a death yak
 14462 | Lair:3   | Noticed Sonja
 14467 | Lair:3   | Killed a death yak
 14481 | Lair:3   | Killed a death yak
 14481 | Lair:3   | Reached skill level 5 in Dodging
 14487 | Lair:3   | Killed a death yak
 14493 | Lair:3   | Killed Sonja
 14738 | Lair:3   | Noticed a death yak
 14738 | Lair:3   | Noticed a death yak
 14742 | Lair:3   | Noticed a death yak
 14754 | Lair:3   | Killed a death yak
 14754 | Lair:3   | Reached XP level 13. HP: 108/113 MP: 18/20
 15489 | Lair:3   | Found a hole to the Spider Nest.
 17570 | Lair:5   | Got a twisted scale mail
 17581 | Lair:5   | Identified the +2 scale mail of the Cast Vote {rC+ Regen+ Str+2} (You found it on level 5 of the Lair of Beasts)
 17631 | Lair:5   | Found a staircase to the Slime Pits.
 18080 | Lair:6   | Entered Level 6 of the Lair of Beasts
 18489 | Lair:6   | Reached ***** piety under the Shining One
 18489 | Lair:6   | Reached XP level 14. HP: 114/121 MP: 20/23
 19918 | D:10     | Bought 2 potions of mutation for 192 gold pieces
 19918 | D:10     | Gained mutation: You are partially covered in large bone plates. (SH +4) [potion of mutation]
 19918 | D:10     | Gained mutation: Your muscles are strong. (Str +2) [potion of mutation]
 19918 | D:10     | Gained mutation: You are resistant to hostile enchantments. (MR+) [potion of mutation]
 19918 | D:10     | Gained mutation: You are covered in fur. (AC +1) [potion of mutation]
 19984 | Orc:1    | Entered Level 1 of the Orcish Mines
 20168 | D:13     | Found a stormy altar of Qazlal.
 20318 | D:13     | Got a slimy chain mail
 20329 | D:13     | Identified the +7 chain mail of Untold Secrets {+Fly rC- rN+ rCorr} (You found it on level 13 of the Dungeon)
 20807 | D:14     | Reached ****** piety under the Shining One
 21219 | D:14     | Found a gate to the Vaults.
 21344 | D:14     | Reached XP level 15. HP: 133/134 MP: 21/24
 21412 | D:14     | Found a burning altar of Makhleb.
 21785 | D:15     | Entered Level 15 of the Dungeon
 21837 | D:15     | Found a white marble altar of Elyvilon.
 22463 | D:15     | Found a staircase to the Depths.
 23040 | Orc:1    | Reached skill level 15 in Invocations
 23230 | Orc:1    | Found Uguxzewn's Book Shoppe.
 23375 | Orc:1    | Noticed an orc warlord
 23406 | Orc:1    | Killed an orc warlord
 23426 | Orc:1    | Reached skill level 15 in Fighting
 23479 | Orc:1    | Noticed Snorg
 23489 | Orc:1    | Killed Snorg
 23632 | Orc:2    | Entered Level 2 of the Orcish Mines
 23833 | Orc:2    | Found a roughly hewn altar of Beogh.
 24012 | Orc:2    | Found Cogarch's Gadget Shoppe.
 24040 | Orc:2    | Found a staircase to the Elven Halls.
 24042 | Orc:2    | Found Obiehebe's Magic Scroll Shop.
 24087 | Orc:2    | Bought a scroll of enchant weapon for 112 gold pieces
 24087 | Orc:2    | Bought a scroll of teleportation for 45 gold pieces
 24348 | Orc:2    | Found Qamukuen's Armour Shop.
 24385 | Orc:2    | Found Siguserr's Gadget Shoppe.
 24407 | Orc:2    | Bought a sack of spiders for 320 gold pieces
 24666 | Spider:1 | Entered Level 1 of the Spider Nest
 25659 | Spider:2 | Reached XP level 16. HP: 145/152 MP: 24/26
 25780 | Spider:2 | Paralysed by a hornet for 3 turns
 26552 | Spider:3 | Got an encrusted chain mail
 26608 | Spider:3 | Identified the +5 chain mail of Nuiran {+Blink Dex+2 SInv Stlth+} (You found it on level 3 of the Spider Nest)
 26622 | Spider:3 | Got a crude plate armour
 26633 | Spider:3 | Identified the +7 plate armour "Rotopakh" {+Inv rC+ Int-2 Dex+3} (You found it on level 3 of the Spider Nest)
 26995 | Spider:4 | Entered Level 4 of the Spider Nest
 26995 | Spider:4 | Noticed damerell's ghost (adept DEFE)
 27023 | Spider:4 | Killed damerell's ghost
 28190 | Spider:4 | Learned a level 2 spell: Shroud of Golubria
 28195 | Spider:4 | Reached XP level 17. HP: 168/168 MP: 24/27
 28506 | Spider:4 | Got a gossamer rune of Zot
 28674 | Swamp:1  | Entered Level 1 of the Swamp
 28808 | Swamp:1  | Identified a scroll of acquirement
 31375 | Swamp:4  | Entered Level 4 of the Swamp
 32050 | Swamp:4  | Reached skill level 15 in Armour
 32197 | Swamp:4  | Noticed Kirke
 32210 | Swamp:4  | Killed Kirke
 32782 | Swamp:4  | Paralysed by a hornet for 3 turns
 32855 | Swamp:4  | Got a decaying rune of Zot
 33372 | Elf:1    | Entered Level 1 of the Elven Halls
 33550 | Elf:1    | Found a radiant altar of Vehumet.
 33553 | Elf:1    | Reached XP level 18. HP: 182/182 MP: 28/28
 34145 | Elf:1    | Identified Bis Acrei's Tome of the Escort
 34153 | Elf:1    | Learned a level 5 spell: Aura of Abjuration
 35202 | Elf:2    | Found Ocomiq's Jewellery Shop.
 35211 | Elf:2    | Bought an uncursed ring of protection from magic for 325 gold pieces
 35211 | Elf:2    | Bought the ring "Povutoe" {rPois rC+ Dex+3} for 523 gold pieces
 36101 | Elf:2    | Found a portal to a secret trove of treasure.
 36128 | Elf:2    | Found a runed gate.
 36128 | Elf:2    | Found a runed gate.
 36128 | Elf:2    | Found a runed gate.
 36240 | Elf:2    | Found Woahiag's Jewellery Emporium.
 36240 | Elf:2    | Found Kimo's Gadget Boutique.
 36241 | Elf:2    | Found Efysoch's Gadget Boutique.
 36256 | Elf:2    | Bought an uncursed ring of protection from fire for 250 gold pieces
 37276 | Elf:3    | Entered Level 3 of the Elven Halls
 37526 | Elf:3    | Reached XP level 19. HP: 195/195 MP: 29/29
 38948 | Elf:3    | Learned a level 3 spell: Call Canine Familiar
 38952 | Elf:3    | Learned a level 3 spell: Summon Guardian Golem
 38963 | Elf:3    | Got a ring of the Octopus King
 38965 | Elf:3    | Identified a ring of the Octopus King {AC+1 EV+1 Str+1 Int+1 Dex+1 Stlth+} (You found it on level 3 of the Elven Halls)
 38989 | Elf:3    | Identified Sif Muna's Almanac of Transmutation
 38999 | Elf:3    | Got a vibrating golden ring
 39000 | Elf:3    | Identified the ring "Bufuq" {Fire +Fly rElec Int+3 Stlth+} (You found it on level 3 of the Elven Halls)
 39006 | Elf:3    | Got a faintly glowing jade amulet
 39007 | Elf:3    | Identified the amulet of Evvarel {Gourm rPois Dex+3 Slay+4} (You found it on level 3 of the Elven Halls)
 39356 | Vaults:1 | Entered Level 1 of the Vaults
 39766 | Vaults:1 | Found Diqyra's Weapon Shoppe.
 39886 | Vaults:1 | Noticed Aizul
 39900 | Vaults:1 | Killed Aizul
 40100 | Vaults:1 | Reached XP level 20. HP: 209/210 MP: 30/30
 41133 | Vaults:1 | Noticed Saint Roka
 41176 | Vaults:1 | Killed Saint Roka
 41386 | Vaults:2 | Found Suqeegga's Magic Scroll Shoppe.
 41409 | Vaults:2 | Bought a scroll of brand weapon for 340 gold pieces
 41409 | Vaults:2 | Bought a scroll of blinking for 127 gold pieces
 41409 | Vaults:2 | Bought a scroll of teleportation for 51 gold pieces
 41409 | Vaults:2 | Bought a scroll of recharging for 161 gold pieces
 41420 | Vaults:2 | Learned a level 4 spell: Summon Ice Beast
 41425 | Vaults:2 | Learned a level 4 spell: Summon Lightning Spire
 41525 | Vaults:2 | Found a staircase to the Crypt.
 42570 | Vaults:2 | Got a distressingly furry cloak
 42581 | Vaults:2 | Identified the cursed +0 cloak "Reofivie" {Str+2 Int+4} (You found it on level 2 of the Vaults)
 43653 | Vaults:3 | Reached XP level 21. HP: 197/223 MP: 31/31
 43660 | Vaults:3 | Reached skill level 27 in Fighting
 44853 | Vaults:4 | Noticed Bai Suzhen
 44901 | Vaults:4 | Killed Bai Suzhen
 45344 | Vaults:4 | Noticed damerell's ghost (veteran DEFE)
 45370 | Vaults:4 | Killed damerell's ghost
 45783 | Vaults:5 | Entered Level 5 of the Vaults
 45817 | Vaults:5 | Noticed a golden dragon
 46248 | Vaults:5 | Reached XP level 22. HP: 160/233 MP: 32/32
 46386 | Vaults:5 | Got a dazzling falchion {slice}
 46387 | Vaults:5 | Identified the +9 falchion "Ymammali" {slice, MR- SInv Stlth+} (You took it off a vault guard on level 5 of the Vaults)
 46416 | Vaults:5 | Noticed Xtahua
 46426 | Vaults:5 | Killed Xtahua
 46856 | Vaults:5 | Noticed Mara
 46865 | Vaults:5 | Noticed hilaritas's illusion
 46868 | Vaults:5 | HP: 22/233 [hilaritas's illusion[Mara] (33)]
 46868 | Vaults:5 | HP: 4/233 [Mara (illusionary)/vampiric demon trident (10)]
 46934 | Vaults:5 | HP: 15/233 [acid (10)]
 46946 | Vaults:5 | HP: 23/233 [stone giant/large rock (35)]
 46981 | Vaults:5 | Reached skill level 10 in Dodging
 47408 | Vaults:5 | Noticed hilaritas's illusion
 47428 | Vaults:5 | Killed Mara
 47606 | Vaults:5 | Killed a golden dragon
 47859 | Vaults:5 | Identified the amulet "Qellalie" {*Drain +Rage +Fly rElec SInv} (You took it off a deep elf demonologist on level 5 of the Vaults)
 47969 | Vaults:5 | Got a silver rune of Zot
 47970 | Vaults:5 | Identified the Catalogue of Freezing Evil
 48128 | Vaults:5 | Noticed a golden dragon
 48142 | Vaults:5 | Killed a golden dragon
 49133 | Depths:1 | Entered Level 1 of the Depths
 49179 | Depths:1 | Reached XP level 23. HP: 240/240 MP: 33/33
 49541 | Depths:1 | Found a gateway to Hell.
 49849 | Depths:1 | Noticed Jorgrun
 49862 | Depths:1 | Killed Jorgrun
 49938 | Depths:1 | Found Cushreff's Weapon Shop.
 50130 | Depths:1 | Found a runed door.
 51468 | Depths:2 | Reached skill level 27 in Armour
 52023 | Depths:2 | Reached skill level 1 in Summonings
 53174 | Depths:3 | Found Bic Ceac's Magic Scroll Boutique.
 53183 | Depths:3 | Bought a scroll of summoning for 161 gold pieces
 53183 | Depths:3 | Bought 2 scrolls of teleportation for 102 gold pieces
 53183 | Depths:3 | Bought a scroll of silence for 127 gold pieces
 53183 | Depths:3 | Found Tiumaumi's Antique Weapon Shop.
 53803 | Depths:3 | Found a one-way gate leading to the halls of Pandemonium.
 53846 | Depths:3 | Reached XP level 24. HP: 188/249 MP: 33/33
 53961 | Depths:3 | Found a one-way gate to the infinite horrors of the Abyss.
 54583 | Depths:4 | Found a gateway to a ziggurat.
 54620 | Zig:1    | Entered Level 1 of a ziggurat
 54638 | Zig:2    | Entered Level 2 of a ziggurat
 54681 | Zig:3    | Entered Level 3 of a ziggurat
 54844 | Zig:4    | Entered Level 4 of a ziggurat
 54880 | Zig:4    | Identified the Grimoire of Harmful Creation
 54912 | Zig:5    | Entered Level 5 of a ziggurat
 54955 | Zig:5    | Reached skill level 5 in Summonings
 54955 | Zig:5    | Reached XP level 25. HP: 257/257 MP: 33/33
 54959 | Zig:5    | Reached XP level 26. HP: 266/266 MP: 33/33
 54972 | Zig:6    | Entered Level 6 of a ziggurat
 54977 | Zig:6    | Noticed Soaps the pandemonium lord
 54989 | Zig:6    | Gained mutation: [You are dopey. (Int -2)] [a cacodemon]
 54992 | Zig:6    | Killed Soaps the pandemonium lord
 55020 | Zig:6    | Learned a level 2 spell: Swiftness
 55032 | Zig:6    | Reached XP level 27. HP: 273/273 MP: 23/33
 55039 | Zig:7    | Entered Level 7 of a ziggurat
 55140 | Zig:7    | Identified a glowing eudemon blade {god gift} (a runed demon blade blessed by the Shining One)
 55140 | Zig:7    | Received a gift from the Shining One
 57108 | Depths:4 | Voluntarily entered the Abyss.
 57113 | Abyss:1  | Found a corrupted altar of Lugonu.
 57227 | Abyss:2  | Identified the amulet "Fomain Feq" {RegenMP rElec rN+ Int-5 Stlth+} (You acquired it on level 2 of the Abyss)
 57440 | Abyss:4  | Found a roughly hewn altar of Beogh.
 57643 | Abyss:5  | Entered Level 5 of the Abyss
 58072 | Abyss:5  | Paralysed by accursed screaming for 2 turns
 58083 | Abyss:5  | Paralysed by accursed screaming for 2 turns
 58338 | Abyss:5  | Paralysed by accursed screaming for 1 turns
 58400 | Abyss:5  | Paralysed by accursed screaming for 2 turns
 58412 | Abyss:5  | Paralysed by accursed screaming for 1 turns
 58425 | Abyss:5  | Paralysed by accursed screaming for 2 turns
 58437 | Abyss:5  | Noticed an ancient lich
 58442 | Abyss:5  | HP: 27/273 [tentacled starspawn (20)]
 58443 | Abyss:5  | HP: 7/273 [tentacled starspawn (9)]
 58446 | Abyss:5  | Killed an ancient lich
 58478 | Abyss:5  | HP: 27/273 [smoke demon/divine providence (15)]
 58480 | Abyss:5  | HP: 10/273 [raiju/living lightning (19)]
 58485 | Abyss:5  | HP: 14/273 [starcursed mass/accursed screaming (5)]
 58599 | Abyss:5  | Paralysed by you for 5 turns
 58643 | Abyss:5  | Gained mutation: Potions are less effective at restoring your health. [a neqoxec]
 58655 | Abyss:5  | Gained mutation: Armour fits poorly on your strangely shaped body. [a neqoxec]
 58714 | Abyss:5  | Paralysed by accursed screaming for 2 turns
 58730 | Abyss:5  | HP: 18/273 [starcursed mass/accursed screaming (12)]
 58731 | Abyss:5  | Paralysed by accursed screaming for 2 turns
 58732 | Abyss:5  | The Shining One protects you from harm!
 58736 | Abyss:5  | HP: 3/273 [starcursed mass/accursed screaming (9)]
 58743 | Abyss:5  | HP: 4/273 [something/ball of steam (4)]
 58751 | Abyss:5  | Killed from afar by a wretched star

Skill      XL: |  1  2  3  4  5  6  7  8  9 10 11 12 13 14 15 16 17 18 19 20 21 22 23 24 25 26 27 |
---------------+----------------------------------------------------------------------------------+-----
Long Blades    | 3 4 5 6 8 9 10 12 14 | 14.0
Shields        | 4 5 7 10 12 14 15 16 23 | 23.6
Fighting       | 4 5 8 10 12 16 19 21 23 25 26 27 | 27.0
Invocations    | 1 3 6 10 13 14 15 | 15.9
Armour         | 6 9 10 11 13 15 17 18 20 22 25 27 | 27.0
Dodging        | 5 6 9 10 13 | 13.4
Summonings     | 3 5 |  5.1
Spellcasting   | 2 |  2.1
Translocations | 3 |  3.6

Action                   |  1- 3 |  4- 6 |  7- 9 | 10-12 | 13-15 | 16-18 | 19-21 | 22-24 | 25-27 || total
-------------------------+-------+-------+-------+-------+-------+-------+-------+-------+-------++-------
Melee: Long sword        |    17 |       |   131 |   524 |  1397 |  1529 |  1437 |  1284 |    51 ||  6370
       Headbutt          |     9 |    22 |    51 |   148 |   411 |   534 |   542 |   580 |   282 ||  2579
       Scimitar          |    63 |   177 |   191 |       |       |       |       |     4 |     2 ||   437
       Dagger            |       |       |       |    48 |    70 |    91 |       |       |       ||   209
       Eudemon blade     |       |       |       |       |       |       |       |       |   765 ||   765
Throw: Tomahawk          |       |       |     4 |     9 |    16 |       |     3 |       |       ||    32
Invok: Divine Shield     |       |       |       |     5 |     4 |    11 |     8 |    12 |    11 ||    51
       Cleansing Flame   |       |       |       |       |       |     5 |     3 |     5 |    22 ||    35
       Summon Divine War |       |       |       |       |       |       |     1 |     4 |     4 ||     9
       Brand Weapon With |       |       |       |       |       |       |       |       |     1 ||     1
Evoke: Wand              |       |       |       |       |       |       |       |     1 |     2 ||     3
  Use: Scroll            |     2 |     2 |     9 |     7 |     8 |     7 |     8 |    14 |    11 ||    68
       Potion            |     2 |     3 |     1 |       |     1 |     2 |     1 |    15 |    11 ||    36
  Eat: Chunk             |     1 |     7 |    12 |    18 |    29 |    36 |    35 |    27 |    10 ||   175
       Fruit             |       |       |     1 |     4 |     5 |     7 |     5 |     3 |       ||    25
       Royal jelly       |       |       |     1 |       |     2 |       |       |       |     2 ||     5
Armor: Scale mail        |    35 |    46 |    33 |       |   267 |    61 |       |       |       ||   442
       Plate armour      |       |       |    71 |   236 |   104 |       |       |       |       ||   411
       Chain mail        |       |       |       |       |       |   519 |       |       |       ||   519
       Crystal plate arm |       |       |       |       |       |    71 |   493 |   427 |   317 ||  1308
Dodge: Dodged            |    26 |    39 |    33 |   115 |   358 |   541 |   305 |   373 |   221 ||  2011
Block: Shield            |    37 |    74 |   135 |   470 |  1159 |  1725 |  1364 |  1247 |       ||  6211
       Large shield      |       |       |       |       |       |       |       |    30 |  1105 ||  1135
       Rpst.: Scimitar   |     7 |    11 |     5 |       |       |       |       |     1 |       ||    24
       Long sword        |       |       |     6 |    25 |    68 |    95 |    45 |    62 |     3 ||   304
       Eudemon blade     |       |       |       |       |       |       |       |       |    29 ||    29
